 Dungeon Crawl Stone Soup version 0.29-a0-323-g050149af67 (webtiles) character file.

Game seed: 3920464993209336766

201 Ajdolov the Ruffian (level 5, -20/47 HPs)
             Began as a Ghoul Monk on Apr 10, 2022.
             Killed from afar by a hell hog (53 damage)
             ... with a fireball
             ... on level 1 of the Abyss.
             The game lasted 00:02:59 (2863 turns).

Ajdolov the Ruffian (Ghoul Monk)                    Turns: 2863, Time: 00:02:59

Health: -20/47     AC:  6    Str: 17    XL:     5   Next: 79%
Magic:  4/4        EV: 10    Int:  5    God:
Gold:   184        SH:  5    Dex: 11    Spells: 4/4 levels left

rFire   . . .      SeeInvis .     - Unarmed
rCold   + . .      Faith    .   (no shield)
rNeg    + + +      Spirit   .   e - +0 scale mail
rPois   ∞          Reflect  +   (no helmet)
rElec   .          Harm     .   (no cloak)
rCorr   .          Rampage  .   (no gloves)
Will    .....                   (no boots)
Stlth   ..........              k - amulet of reflection
HPRegen 0.00/turn               (no ring)
MPRegen 0.09/turn               (no ring)

@: inhibited regen
A: claws 1, cold resistance 1, negative energy resistance 3, inhibited
regeneration, torment resistance 2, devour on kill
a: no special abilities


You were on level 1 of the Abyss.
You visited 1 branch of the dungeon, and saw 3 of its levels.
You visited the Abyss 1 time.

You collected 184 gold pieces.

Inventory:

Missiles
 s - a throwing net (quivered)
Armour
 a - a +0 robe
 e - a +0 scale mail (worn)
Jewellery
 k - an amulet of reflection (around neck)
 n - an amulet of magic regeneration
 r - a +4 ring of evasion
Scrolls
 c - 6 scrolls of identify {unknown}
 d - a scroll of magic mapping {unknown}
 f - a scroll of torment {unknown}
 h - a scroll of enchant weapon {unknown}
 i - 2 scrolls of teleportation {unknown}
 m - a scroll of noise {unknown}
 o - a scroll of immolation {unknown}
Potions
 b - a potion of ambrosia
 g - a potion of curing {unknown}
 j - a potion of flight {unknown}
 l - 2 potions of attraction {unknown}
 p - a potion of mutation {unknown}
 q - a potion of lignification {unknown}


   Skills:
 + Level 4.7 Fighting
 - Level 2.6 Dodging
 - Level 2.1 Stealth
 * Level 6.0 Unarmed Combat


You had 4 spell levels left.
You didn't know any spells.
Your spell library contained the following spells:

 Spells                   Type           Power      Damage    Failure   Level
 Apportation              Tloc           0%         N/A       89%         1
 Magic Dart               Conj           0%         1d3       89%         1
 Call Imp                 Summ           0%         N/A       96%         2
 Ensorcelled Hibernation  Hex/Ice        0%         N/A       96%         2
 Passwall                 Tmut/Erth      0%         N/A       96%         2
 Searing Ray              Conj           0%         2d4       96%         2
 Mephitic Cloud           Conj/Pois/Air  0%         N/A       99%         3
 Swiftness                Air            0%         N/A       99%         3
 Fulminant Prism          Conj/Hex       0%         3d6       100%        4
 Passage of Golubria      Tloc           0%         N/A       100%        4
 Alistair's Intoxication  Tmut/Pois      0%         N/A       100%        5
 Silence                  Hex/Air        0%         N/A       100%        5
 Malign Gateway           Summ/Tloc      0%         N/A       100%        7
 Lehudib's Crystal Spear  Conj/Erth      0%         10d2      100%        8
 Summon Horrible Things   Summ           0%         N/A       100%        8


Dungeon Overview and Level Annotations

Branches:
Dungeon (3/15)

Altars:
Trog
Wu Jian


Innate Abilities, Weirdness & Mutations

You are immune to poison.
You have sharp fingernails.
Your flesh is cold resistant. (rC+)
You are immune to negative energy. (rN+++)
You do not regenerate when monsters are visible.
You are immune to unholy pain and torment.
You thrive by killing the living.


Message History

You feel better.
You miss the jackal.
The jackal bites you but does no damage.
You closely miss the jackal. Your claw misses the jackal.
The jackal closely misses you. The jackal barely misses you.
You claw the jackal!
You kill the jackal!
No target in view!
You see here a jackal corpse.
As you open the door, it creaks loudly!
Found a bloodstained altar of Trog and an ornate altar of the Wu Jian Council.
There is an open door here.
There is a fountain of sparkling water here.
There is an open door here.
An orc is nearby!
The orc shouts!
You scratch the orc.
The orc is severely wounded.
The orc hits you with a +1 whip of distortion.
Space warps horribly around you!
You closely miss the orc.
The orc is severely wounded.
The orc hits you with a +1 whip of distortion.
You are cast into the Abyss!
This branch contains the abyssal rune of Zot.
Found 117 gold pieces.
Found a gateway leading deeper into the Abyss.
Unknown command.
Found 60 gold pieces.
You see here 5 gold pieces.
The ice devil is engulfed in blazing flames.
You see here 32 gold pieces.
You see here 24 gold pieces.
You now have 184 gold pieces (gained 24).
You see here 21 gold pieces.
The hell hog squeals angrily.
The hell hog breathes fire at you.
The fireball explodes!
The fireball engulfs you!!!
Ouch! That really hurt!
You die...

# . ###..#.#...
.#. ...#......
..# #......# ..
#.##...4.###..
#.#...### #.#
#......# # #
#...#....#.# ###
#.###.§.##.#
#...@h.#...#
#....§..#...#
#....#.#.###...#
.....##.##..
.##. .###. #.#
... # . X§.
....# # .§#
..#.# # ..


You could see a hell hog (catching breath), a large abomination and an ice
devil.

Vanquished Creatures
  A hound (D:2)
  An orc priest (D:3)
  An orc wizard (D:3)
  3 gnolls (D:3)
  An adder (D:2)
  A worm (D:2)
  A dart slug (D:2)
  8 orcs (D:3)
  4 endoplasms
  6 giant cockroaches
  2 hobgoblins
  3 jackals (D:3)
  4 kobolds
  3 quokkas
  5 ball pythons
  6 bats
  5 frilled lizards
  6 goblins
  6 rats
67 creatures vanquished.

Notes
Turn   | Place    | Note
-------+----------+-------------------------------------------
     0 | D:1      | Ajdolov the Ghoul Monk began the quest for the Orb.
     0 | D:1      | Reached XP level 1. HP: 19/19 MP: 0/0
    81 | D:1      | Found a faded altar of an unknown god.
    83 | D:1      | Noticed a great orb of eyes
    84 | D:1      | Noticed a floating eye
    84 | D:1      | Noticed a great orb of eyes
    84 | D:1      | Noticed an eye of devastation
   161 | D:1      | Reached XP level 2. HP: 24/26 MP: 1/1
   653 | D:1      | Reached skill level 4 in Unarmed Combat
  1177 | D:2      | Reached XP level 3. HP: 33/33 MP: 2/2
  1987 | D:2      | Reached skill level 5 in Unarmed Combat
  1987 | D:2      | Reached XP level 4. HP: 36/40 MP: 3/3
  2170 | D:3      | Reached XP level 5. HP: 40/47 MP: 4/4
  2788 | D:3      | Reached skill level 6 in Unarmed Combat
  2805 | D:3      | Found a bloodstained altar of Trog.
  2805 | D:3      | Found an ornate altar of the Wu Jian Council.
  2833 | D:3      | Cast into level 1 of the Abyss (orc)
  2838 | Abyss:1  | Noticed an ice devil
  2862 | Abyss:1  | Noticed a large abomination
  2862 | Abyss:1  | Noticed a hell hog
  2863 | Abyss:1  | Killed from afar by a hell hog

Illustrated notes

Levels and vault maps discovered:
D:1:      nzn_arrival_crosshair, layout_basic, serial_forest,
          infiniplex_forest_diagonal, infiniplex_forest_straight_3,
          infiniplex_forest_end_double, infiniplex_forest_diagonal,
          infiniplex_forest_straight_2, infiniplex_forest_clump_curved,
          infiniplex_forest_join, hellmonk_ecumenical_altar_watching_god
D:2:      layout_loops_ring, roderic_serpentine_path, minmay_quadrilaterals
D:3:      layout_loops_ring, gammafunk_temple_overflow_pools,
          minmay_fractal_squares_diagonal_5
Abyss:1:  base: Temple, lemuel_firewalk_3, minivault_5, lemuel_firewalk_3

Skill      XL: |  1  2  3  4  5 |
---------------+----------------+-----
Unarmed Combat | 4 5 6 |  6.0
Fighting       | 4 |  4.7
Dodging        | |  2.6
Stealth        | |  2.1

Action                   |  1- 3 |  4- 6 || total
-------------------------+-------+-------++-------
Melee: Unarmed           |   133 |    78 ||   211
       Punch             |     2 |     1 ||     3
Armor: Scale mail        |    47 |    22 ||    69
Dodge: Dodged            |    62 |    32 ||    94
Block: Other             |     9 |    12 ||    21

Table legend: (Time is in decaauts)
 A = Elapsed time spent in this place.
 B = Non-inter-level travel time spent in this place.
 C = Inter-level travel time spent in this place.
 D = Time resting spent in this place.
 E = Time spent auto-exploring this place.
 F = Levels seen in this place.
 G = Mean time per level.
                   A        B        C        D        E       F      G
               +--------+--------+--------+--------+--------+-----+--------+
         Total |   2845 |   2751 |     94 |    209 |   2042 |   4 |  711.2 |
       Dungeon |   2815 |   2721 |     94 |    209 |   2042 |   3 |  938.3 |
         Abyss |     29 |     29 |      0 |      0 |      0 |   1 |   29.0 |
               +--------+--------+--------+--------+--------+-----+--------+

Top non-repeatable levels by time:
     D:1: 1140 daAuts
     D:2: 1138 daAuts
     D:3: 537 daAuts
 Abyss:1: 29 daAuts
